 Dungeon Crawl Stone Soup version 0.32-a0-898-g7811c86cf0 (webtiles) character file.

Game seed: 8355598638169021962

105 GiantSquids the Chopper (level 4, -3/38 HPs)
             Began as a Mountain Dwarf Fighter on Apr 5, 2024.
             Slain by an orc priest
             ... wielding a +0 falchion
              (6 damage)
             ... on level 3 of the Dungeon.
             The game lasted 00:02:08 (1848 turns).

GiantSquids the Chopper (Mountain Dwarf Fighter)    Turns: 1848, Time: 00:02:09

Health: -3/38      AC:  6    Str: 20    XL:     4   Next: 54%
Magic:  4/4        EV:  8    Int:  9    God:
Gold:   190        SH:  4    Dex:  9    Spells: 3/3 levels left

rFire   . . .        a - +0 war axe
rCold   . . .        c - +0 buckler
rNeg    . . .        b - +0 scale mail
rPois   .            (no helmet)
rElec   .            (no cloak)
rCorr   .            (no gloves)
SInv    .            (no boots)
Will    .....        (no amulet) Stlth
                     (no ring)
HPRegen 0.26/turn    (no ring)
MPRegen 0.09/turn

%: no passive effects
@: mighty
A: runic magic, artefact enchanting
a: Convert to Beogh


You were on level 3 of the Dungeon.
You visited 1 branch of the dungeon, and saw 3 of its levels.

You collected 190 gold pieces.

Inventory:

Hand Weapons
 a - a +0 war axe (weapon)
Armour
 b - a +0 scale mail (worn)
 c - a +0 buckler (worn)
Scrolls
 e - a scroll of revelation {unknown}
 g - 2 scrolls of fear {unknown}
 h - 4 scrolls of teleportation {unknown}
 k - a scroll of blinking {unknown}
Potions
 d - a potion of might
 f - 2 potions of mutation {unknown}
 i - 2 potions of ambrosia {unknown}
 j - a potion of curing {unknown}


   Skills:
 - Level 3.2 Fighting
 + Level 5.9 Axes
 - Level 3.2 Armour
 - Level 3.2 Shields


You had 3 spell levels left.
You didn't know any spells.
Your spell library contained the following spells:

 Spells                   Type           Power      Damage    Failure   Level
 Foxfire                  Conj/Fire      0%         2x1d4     54%         1
 Plasma Beam              Fire/Air       0%         2x1d10    100%        6
 Starburst                Conj/Fire      0%         6d3       100%        6


Dungeon Overview and Level Annotations

Branches:
Dungeon (3/15)

Altars:
Yredelemnul

Shops:
D:3 (


Innate Abilities, Weirdness & Mutations

Your spellcasting is much less encumbered by armour.
You can use scrolls of enchantment on lesser artefacts.


Message History

The orc hits you but does no damage. Something hits you but does no damage.
You closely miss the orc. You hit the orc. You closely miss something.
You closely miss the orc. You block the orc's attack.
The orc hits you with a +0 flail. You block the orc's attack.
Something hits you.
The orc priest threatens, "Beogh's wrath is as vast as their mercy.
Make your choice!" (press Y on the ability menu to convert to Beogh)
You barely miss the orc. x2; You barely miss something.
You hit the orc. The orc barely misses you.
The orc hits you but does no damage. You block the orc's attack.
Something hits you.
You closely miss the orc. You slash the orc!
You kill the orc!
You hit something but do no damage. You completely miss the orc.
Something hits you. The orc hits you with a +0 flail!
You block the orc's attack. The orc hits you with a +0 flail.
The orc hits you with a +0 short sword.
* * * LOW HITPOINT WARNING * * *
Something hits you.
* * * LOW HITPOINT WARNING * * *
You feel very mighty all of a sudden.
The bombardier beetle barely misses you.
Something hits you but does no damage. The orc hits you but does no damage.
You block the orc's attack.
You slice the orc!!
You kill the orc!
You barely miss the bombardier beetle. You closely miss something.
You closely miss the orc. Something hits you but does no damage.
The orc hits you with a +0 flail.
* * * LOW HITPOINT WARNING * * *
You slash the orc priest!
The orc priest is heavily wounded.
You barely miss the orc. You hit the bombardier beetle.
You closely miss something.
The bombardier beetle bites you but does no damage.
Something hits you.
* * * LOW HITPOINT WARNING * * *
The orc hits you with a +0 flail.
* * * LOW HITPOINT WARNING * * *
The orc priest hits you with a +0 falchion.
You die...

###......##
#....
#<.......#
#.###
#.##.....#
##..........
##..####.####.
#...# ....
#...# ......
#...#.......#
#.B@o..._....
#.{o#......
#...#......
.....# .....
...>..# ##.##
#....... ...
#....... #
#........


You could see a bombardier beetle, an orc priest and an orc.

Vanquished Creatures
  4 adders
  2 dart slugs (D:2)
  3 orcs (D:3)
  5 ball pythons
  7 endoplasms
  2 goblins
  5 hobgoblins
  3 jackals (D:1)
  2 quokkas (D:3)
  9 bats
  3 frilled lizards
  8 kobolds
  5 rats
58 creatures vanquished.

Notes
Turn   | Place    | Note
-------+----------+-------------------------------------------
     0 | D:1      | GiantSquids the Mountain Dwarf Fighter began the quest for
                  | the Orb.
     0 | D:1      | Reached XP level 1. HP: 19/19 MP: 1/1
   172 | D:1      | Reached skill level 3 in Axes
   200 | D:1      | Reached XP level 2. HP: 26/26 MP: 2/2
   285 | D:1      | Reached skill level 4 in Axes
   571 | D:1      | Reached XP level 3. HP: 30/31 MP: 3/3
   883 | D:2      | Reached skill level 5 in Axes
  1236 | D:2      | Reached XP level 4. HP: 38/38 MP: 4/4
  1538 | D:3      | Found Lesesu's Weapon Boutique.
  1837 | D:3      | Found a basalt altar of Yredelemnul.
  1848 | D:3      | Slain by an orc priest

Illustrated notes

Levels and vault maps discovered:
D:1:      dpeg_arrival_houses_and_road, layout_basic,
          chequers_serial_rivers_micro_b, minivault_27
D:2:      layout_loops_ring
D:3:      cheibrodos_thug_alley, layout_rooms, old_standard_altar, serial_shops,
          nicolae_shop_bloodbath_and_beyond,
          hellmonk_ecumenical_altar_pennies_from_heaven

Skill      XL: |  1  2  3 |
---------------+----------+-----
Axes           | 3 4 5 |  5.9
Fighting       | |  3.2
Armour         | |  3.2
Shields        | |  3.2

Action                     |  1- 3 |  4- 6 || total
---------------------------+-------+-------++-------
  Melee: War axe           |   104 |    47 ||   151
    Use: Potion            |       |     1 ||     1
 Armour: Scale mail        |   119 |    57 ||   176
  Dodge: Dodged            |    43 |    19 ||    62
  Block: Buckler           |    19 |    15 ||    34

Table legend: (Time is in decaauts)
 A = Elapsed time spent in this place.
 B = Non-inter-level travel time spent in this place.
 C = Inter-level travel time spent in this place.
 D = Time resting spent in this place.
 E = Time spent auto-exploring this place.
 F = Levels seen in this place.
 G = Mean time per level.
                   A        B        C        D        E       F      G
               +--------+--------+--------+--------+--------+-----+--------+
         Total |   1902 |   1851 |     51 |      0 |   1499 |   3 |  634.0 |
       Dungeon |   1902 |   1851 |     51 |      0 |   1499 |   3 |  634.0 |
               +--------+--------+--------+--------+--------+-----+--------+

Top non-repeatable levels by time:
     D:2: 828 daAuts
     D:1: 734 daAuts
     D:3: 340 daAuts
